 Dungeon Crawl Stone Soup version 0.28.0 (webtiles) character file.

Game seed: 16443975441430411498

950 AmazingTV the Shield-Bearer (level 7, -7/63 HPs)
             Began as a Minotaur Fighter on Mar 26, 2024.
             Mangled by a gnoll sergeant (12 damage)
             ... on level 5 of the Dungeon.
             The game lasted 00:08:22 (4809 turns).

AmazingTV the Shield-Bearer (Minotaur Fighter)      Turns: 4809, Time: 00:08:23

Health: -7/63      AC:  8    Str: 23    XL:     7   Next: 90%
Magic:  6/6        EV:  9    Int:  5    God:
Gold:   323        SH:  5    Dex:  9    Spells: 6/6 levels left

rFire   + . .      SeeInvis .   a - +0 war axe {axe}
rCold   x . .      Faith    .   c - +0 buckler
rNeg    . . .      Spirit   .   b - +0 scale mail
rPois   .          Reflect  .   (helmet restricted)
rElec   .          Harm     .   j - +0 cloak
rCorr   .          Rampage  .   (no gloves)
Will    .....                   (no boots)
Stlth   ..........              D - amulet of the acrobat
HPRegen 0.20/turn               e - ring of fire
MPRegen 0.10/turn               l - ring of wizardry

@: no status effects
A: horns 2, retaliatory headbutt
a: no special abilities


You were on level 5 of the Dungeon.
You visited 1 branch of the dungeon, and saw 5 of its levels.

You collected 323 gold pieces.


Innate Abilities, Weirdness & Mutations

You have a pair of horns on your head.
You reflexively headbutt those who attack you in melee.


   Skills:
 + Level 6.0 Fighting
 + Level 5.3(6.2) Axes
 + Level 4.7(5.8) Maces & Flails
 + Level 6.0 Armour
 + Level 6.1 Shields


You had 6 spell levels left.
You didn't know any spells.
Your spell library was empty.

Inventory:

Hand Weapons
 a - a +0 war axe (weapon) {axe}
 g - a +0 dagger of freezing {short}
   (You found it on level 1 of the Dungeon)
 q - a +0 hunting sling {sling}
   (You found it on level 2 of the Dungeon)
 r - the +1 quarterstaff "Ogreslayer" {vamp, Fragile Will+ rCorr Str+6, staff}
   (You found it on level 2 of the Dungeon)

   It occasionally heals its wielder for a portion of the damage dealt when it
   wounds a living foe.
   Str:       It affects your strength (+6).
   rCorr:     It protects you from acid and corrosion.
   Fragile:   It will be destroyed if unequipped.
   Will:      It increases your willpower.
 I - a +0 morningstar {mace}
   (You took it off an orc on level 4 of the Dungeon)
 K - the +5 falchion of Wicoz {drain, rC++, long}
   (You found it on level 5 of the Dungeon)

   A truly terrible weapon, it drains the life of any living foe it strikes.
   rC:        It greatly protects you from cold.
Missiles
 f - 171 stones
 i - 12 boomerangs
 t - 6 javelins (quivered)
 w - 32 arrows
 F - 17 bolts
 J - 4 poisoned darts
Armour
 b - a +0 scale mail (worn)
 c - a +0 buckler (worn)
 j - a +0 cloak (worn)
   (You found it on level 1 of the Dungeon)
Magical Staves
 y - a staff of death {!astaff}
   (You found it on level 3 of the Dungeon)
Jewellery
 e - a ring of fire (left hand)
   (You found it on level 1 of the Dungeon)
 l - a ring of wizardry (right hand)
   (You found it on level 1 of the Dungeon)
 A - an amulet of guardian spirit
   (You took it off an orc priest on level 3 of the Dungeon)
 D - an amulet of the acrobat (around neck)
   (You found it on level 4 of the Dungeon)
Wands
 o - a wand of digging (4)
   (You found it on level 2 of the Dungeon)
Scrolls
 h - 8 scrolls of identify {@r1}
 x - a scroll of immolation {unknown}
 C - 2 scrolls of teleportation {unknown}
 E - a scroll of fog {unknown}
 G - a scroll of brand weapon {unknown}
 H - a scroll of noise {unknown}
Potions
 d - a potion of might
 k - 2 potions of invisibility
 m - a potion of heal wounds {unknown}
 n - 2 potions of mutation {unknown}
 p - 2 potions of flight {unknown}
 s - 2 potions of curing {unknown}
 u - a potion of lignification {unknown}
 v - a potion of ambrosia {unknown}
 z - 2 potions of brilliance {unknown}
 B - a potion of attraction {unknown}
 L - a potion of magic {unknown}

Dungeon Overview and Level Annotations

Branches:
Dungeon (5/15)
 Temple: D:4-7

Altars:
Elyvilon
Kikubaaqudgha
Zin
The Shining One

Shops:
D:3

[ ......##.###........≈...
....#....##.........≈..#
.........#.....#....≈.#
#..#........##....≈.##
#.#...###.##.....≈..## #..
+.........##..#..≈...##...
+..)..#....#.))..≈Z......#
####)##..##......[..≈g.....#
.##..##.........@.g.≈≈g....##
.....####........(g..≈≈.....##
.....# #..........#)..≈......##.
...### #............).≈≈........
...# ##..........<...)≈≈...≈≈≈≈
#..###.............#.......(....
##................##..........##
.#...............#....#.......#
...........>...........#.######


You could see 2 gnoll sergeants, 2 gnolls and a howler monkey skeleton.


Message History

The jackal bites you but does no damage.
A gnoll comes into view.
The gnoll hits you from afar with a +0 halberd!
* * * LOW HITPOINT WARNING * * *
The gnoll hits you with a +0 whip.
* * * LOW HITPOINT WARNING * * *
😨 HP[-21]
You take 21 damage, and now have 16/62 hp.
MASSIVE DAMAGE!! (PAUSE)
You block the jackal's attack.
A gnoll sergeant comes into view. It is wielding a +0 trident.
The gnoll sergeant shouts!
You hear a shout!
Things that are here:
a +0 club {mace}; a gnoll corpse; 😨 HP[+1]
The jackal completely misses you.
Things that are here:
10 stones; a gnoll corpse The jackal completely misses you.
There is a stone staircase leading up here.
The jackal bites you.
* * * LOW HITPOINT WARNING * * *
The gnoll hits you from afar with a +0 halberd.
* * * LOW HITPOINT WARNING * * *
The gnoll barely misses you. The jackal bites you.
* * * LOW HITPOINT WARNING * * *
You climb upwards.
There is a stone staircase leading down here. 😱 HP[-3]
You take 3 damage, and now have 14/62 hp.
The jackal closely misses you.
You slash the gnoll! You headbutt the gnoll.
You kill the gnoll!
You barely miss the jackal. You block the jackal's attack.
The jackal misses you.
Your Fighting skill increases to level 6! 😱 HP[+1]
You now have 63 max hp (+1).
You hit the jackal.
You kill the jackal!
You start resting. 😎 HP[+48]
Your hp is fully restored (63).
You now have 323 gold pieces (gained 17).
There is a stone staircase leading down here.
You see here a +0 whip {mace}.
You climb downwards.
The gnoll sergeant shouts!
You hear a shout!
There is a stone staircase leading up here.
A gnoll comes into view.
The gnoll sergeant barely misses you. The gnoll sergeant closely misses you.
The gnoll completely misses you.
You hit the gnoll sergeant but do no damage.
You slash the gnoll! The gnoll sergeant closely misses you.
You furiously retaliate!
You headbutt the gnoll sergeant, but do no damage.
The gnoll barely misses you.
You slash the gnoll sergeant! You hit the gnoll.
The gnoll sergeant hits you with a +0 trident.
You block the gnoll's attack.
The gnoll sergeant hits you with a +0 trident. 😕 HP[-9]
You take 9 damage, and now have 54/63 hp.
You hit the gnoll sergeant.
You headbutt the gnoll sergeant, but do no damage.
You barely miss the gnoll. The gnoll hits you with a +0 halberd.
The gnoll hits you from afar with a +0 halberd.
The gnoll sergeant closely misses you. The gnoll closely misses you. 😮 HP[-10]
You take 10 damage, and now have 44/63 hp.
You hit the gnoll sergeant but do no damage.
You barely miss the gnoll.
The gnoll sergeant hits you with a +0 trident!
* * * LOW HITPOINT WARNING * * *
The gnoll hits you with a +0 halberd.
* * * LOW HITPOINT WARNING * * *
You block the gnoll's attack. 😨 HP[-16]
You take 16 damage, and now have 28/63 hp.
MASSIVE DAMAGE!! (PAUSE)
You barely miss the gnoll. You headbutt the gnoll.
You kill the gnoll!
You hit the gnoll sergeant but do no damage.
The gnoll sergeant misses you. The gnoll closely misses you.
You hit the gnoll sergeant but do no damage.
Your headbutt misses the gnoll sergeant.
The gnoll sergeant hits you with a +0 trident!
* * * LOW HITPOINT WARNING * * *
The gnoll hits you from afar with a +0 halberd!
* * * LOW HITPOINT WARNING * * *
The gnoll sergeant hits you but does no damage. 😱 HP[-24]
You take 24 damage, and now have 4/63 hp.
MASSIVE DAMAGE!! (PAUSE)
The gnoll throws a boomerang.
The boomerang completely misses you.
The gnoll sergeant completely misses you. 😱 HP[+1]
There is a stone staircase leading up here.
You block the gnoll's attack.
The gnoll sergeant hits you from afar with a +0 trident!
You die...

Skill      XL: |  1  2  3  4  5  6  7 |
---------------+----------------------+-----
Maces & Flails | 1 2 3 4 |  4.7
Armour         | 4 5 6 |  6.0
Shields        | 4 5 6 |  6.1
Fighting       | 4 5 6 |  6.0
Axes           | 3 4 5 |  5.3

Action                   |  1- 3 |  4- 6 |  7- 9 || total
-------------------------+-------+-------+-------++-------
Melee: War axe           |    77 |   109 |    66 ||   252
       Headbutt          |    13 |    11 |    12 ||    36
Throw: Javelin           |       |     3 |       ||     3
  Use: Scroll            |       |     1 |       ||     1
Armor: Scale mail        |    36 |    42 |    27 ||   105
Dodge: Dodged            |    29 |    47 |    45 ||   121
Block: Buckler           |    18 |    23 |    23 ||    64

Levels and vault maps discovered:
D:1:      scummos_arrival_forest, layout_basic,
          dilly_ecumenical_altar_fadedgnrine, chequers_serial_rivers_large_a
D:2:      layout_basic, basic_altar, minmay_misc_feat_diagonals
D:3:      layout_basic, lemuel_doored_altar, serial_shops, shop,
          hangedman_glass_teeth, amcnicky_mini_corridor_feature,
          minmay_door_square, serial_park_tiny_2,
          minmay_fractal_squares_diagonal_5
D:4:      layout_rooms, mainiacjoe_overflow_swirl,
          chequers_serial_rivers_small_b
D:5:      layout_cave_pools, minmay_temple_entry_enclosed_plants,
          serial_gnoll_camp, gnoll_camp_mini_house, gnoll_camp_mini_house,
          gnoll_camp_mini_hut, gnoll_camp_mini_hut, gnoll_camp_huts_moat,
          gnoll_camp_mini_hut, kennysheep_generic_room_12

Notes
Turn   | Place    | Note
-------+----------+-------------------------------------------
     0 | D:1      | AmazingTV the Minotaur Fighter began the quest for the Orb.
     0 | D:1      | Reached XP level 1. HP: 19/19 MP: 0/0
     0 | D:1      | magus.rc [v1.9.6]
   199 | D:1      | Reached XP level 2. HP: 27/27 MP: 1/1
   251 | D:1      | Reached skill level 1 in Maces & Flails
   539 | D:1      | Found a faded altar of an unknown god.
   986 | D:2      | Found a glowing golden altar of the Shining One.
  1014 | D:2      | Reached skill level 4 in Armour
  1047 | D:2      | Reached skill level 4 in Shields
  1047 | D:2      | Reached XP level 3. HP: 12/33 MP: 2/2
  1132 | D:2      | Reached skill level 4 in Fighting
  1382 | D:2      | Reached skill level 3 in Axes
  1616 | D:2      | Identified the +1 quarterstaff "Ogreslayer" {vamp, Fragile
                  | Will+ rCorr Str+6}
  1833 | D:2      | Reached XP level 4. HP: 34/40 MP: 3/3
  2533 | D:3      | Reached skill level 2 in Maces & Flails
  2534 | D:3      | Found Usmamnet's Antique Armour Shoppe.
  2681 | D:3      | Noticed a centaur
  2690 | D:3      | Killed a centaur
  2691 | D:3      | Reached XP level 5. HP: 41/47 MP: 4/4
  2859 | D:3      | Found a white marble altar of Elyvilon.
  3280 | D:4      | Noticed an ogre
  3292 | D:4      | Killed an ogre
  3293 | D:4      | Reached skill level 5 in Fighting
  3293 | D:4      | Reached skill level 4 in Axes
  3293 | D:4      | Reached skill level 3 in Maces & Flails
  3293 | D:4      | Reached skill level 5 in Armour
  3293 | D:4      | Reached skill level 5 in Shields
  3293 | D:4      | Reached XP level 6. HP: 56/56 MP: 5/5
  3752 | D:4      | Reached XP level 7. HP: 61/61 MP: 6/6
  3978 | D:4      | Found an ancient bone altar of Kikubaaqudgha.
  3987 | D:4      | Found a glowing silver altar of Zin.
  4113 | D:5      | Entered Level 5 of the Dungeon
  4184 | D:5      | Identified the +5 falchion of Wicoz {drain, rC++}
  4188 | D:5      | Reached skill level 4 in Maces & Flails
  4190 | D:5      | Reached skill level 5 in Axes
  4522 | D:5      | Reached skill level 6 in Shields
  4530 | D:5      | Reached skill level 6 in Armour
  4551 | D:5      | HP: 15/62 [gnoll (2)]
  4555 | D:4      | Reached skill level 6 in Fighting
  4806 | D:5      | HP: 4/63 [gnoll (12)]
  4809 | D:5      | Mangled by a gnoll sergeant

Vanquished Creatures
  A necrophage (D:4)
  3 ogres
  A centaur (D:3)
  A water moccasin skeleton (D:5)
  A howler monkey (D:5)
  A hound (D:4)
  2 orc priests (D:3)
  A gnoll shaman (D:5)
  An iguana (D:5)
  3 orc wizards
  6 gnolls
  7 adders
  A howler monkey skeleton (D:5)
  A white imp (D:4)
  An adder skeleton (D:4)
  3 dart slugs
  2 worms
  11 orcs
  7 ball pythons
  6 endoplasms
  2 giant cockroaches
  3 goblins
  6 hobgoblins
  10 jackals
  5 kobolds
  9 quokkas
  3 bats
  2 frilled lizards (D:2)
  6 rats
106 creatures vanquished.

Table legend:
 A = Non-vault XP
 B = Vault XP
 C = Vault XP percentage of total XP
 D = Non-vault monster count
 E = Vault monster count
 F = Vault count percentage of total count
                 A         B        C        D         E       F
            +---------+---------+-------+---------+---------+-------
      Total |    1024 |     334 |  24.6 |      89 |      17 |  16.0
            +---------+---------+-------+---------+---------+-------
        D:1 |      37 |       0 |   0.0 |      20 |       0 |   0.0
        D:2 |      83 |       0 |   0.0 |      19 |       0 |   0.0
        D:3 |      75 |     156 |  67.5 |      15 |       5 |  25.0
        D:4 |     477 |      59 |  11.0 |      23 |       3 |  11.5
        D:5 |     352 |     119 |  25.3 |      12 |       9 |  42.9
            +---------+---------+-------+---------+---------+-------

Illustrated notes

Table legend:
 A = Kills in this place as a percentage of kills in entire the game.
 B = Kills by you in this place as a percentage of kills by you in the entire game.
 C = Kills by friends in this place as a percentage of kills by friends in the entire game.
 D = Other kills in this place as a percentage of other kills in the entire game.
 E = Experience gained in this place as a percentage of experience gained in the entire game.
 F = Experience gained in this place divided by the number of levels of this place that you have seen.
                   A       B       C       D       E      F
               +-------+-------+-------+-------+-------+----------------------
         Total | 100.0 | 100.0 |   N/A |   N/A | 100.0 | 271.6
       Dungeon | 100.0 | 100.0 |   N/A |   N/A | 100.0 | 271.6
               +-------+-------+-------+-------+-------+----------------------

Table legend: (Time is in decaauts)
 A = Elapsed time spent in this place.
 B = Non-inter-level travel time spent in this place.
 C = Inter-level travel time spent in this place.
 D = Time resting spent in this place.
 E = Time spent auto-exploring this place.
 F = Levels seen in this place.
 G = Mean time per level.
                   A        B        C        D        E       F      G
               +--------+--------+--------+--------+--------+-----+--------+
         Total |   4901 |   4789 |    112 |    497 |   3609 |   5 |  980.2 |
       Dungeon |   4901 |   4789 |    112 |    497 |   3609 |   5 |  980.2 |
               +--------+--------+--------+--------+--------+-----+--------+

Top non-repeatable levels by time:
     D:2: 1424 daAuts
     D:4: 1177 daAuts
     D:1: 1005 daAuts
     D:3: 890 daAuts
     D:5: 404 daAuts
